 Dungeon Crawl Stone Soup version 0.28.0-49-g6dfe1f597d (webtiles) character file.

Game seed: 8891048415961896307

51 Atelerd the Digger (level 3, -4/21 HPs)
             Began as an Octopode Earth Elementalist on May 16, 2022.
             Slain by a black bear (5 damage)
             ... on level 4 of the Dungeon.
             The game lasted 00:01:29 (2729 turns).

Atelerd the Digger (Octopode Earth Elementalist)    Turns: 2729, Time: 00:01:30

Health: -4/21      AC:  1    Str:  7    XL:     3   Next: 83%
Magic:  6/7        EV: 13    Int: 19    God:
Gold:   73         SH:  0    Dex: 12    Spells: 7/8 levels left

rFire   . . .      SeeInvis .   g - +0 dagger
rCold   . . .      Faith    .   (no shield)
rNeg    . . .      Spirit   .   (helmet restricted)
rPois   .          Reflect  .   (no amulet)
rElec   .          Harm     .   (no ring)
rCorr   .          Rampage  .   (no ring)
Will    .....                   (no ring)
Stlth   +++.......              (no ring)
HPRegen 0.07/turn               (no ring)
MPRegen 0.10/turn               (no ring)
                                (no ring)
                                (no ring)

@: no status effects
A: almost no armour, amphibious, 8 rings, camouflage 1, gelatinous body 1,
(nimble swimmer 1), tentacles, screaming 1, MP-powered wands
a: no special abilities


You were on level 4 of the Dungeon.
You visited 1 branch of the dungeon, and saw 4 of its levels.

You collected 73 gold pieces.

Inventory:

Hand Weapons
 g - a +0 dagger (weapon)
Missiles
 b - 69 stones
Wands
 m - a wand of flame (9)
Scrolls
 c - a scroll of teleportation {unknown}
 d - a scroll of acquirement {unknown}
 e - a scroll of torment {unknown}
 h - a scroll of blinking {unknown}
 j - 2 scrolls of enchant armour {unknown}
 l - a scroll of amnesia {unknown}
 n - a scroll of fear {unknown}
 o - a scroll of immolation {unknown}
 q - a scroll of fog {unknown}
Potions
 a - a potion of berserk rage {unknown}
 f - a potion of mutation
 i - a potion of cancellation
 k - a potion of lignification {unknown}
 p - a potion of curing {unknown}
 r - a potion of heal wounds {unknown}
 s - a potion of flight {unknown}


   Skills:
 + Level 0.1 Fighting
 + Level 0.2 Short Blades
 - Level 2.0 Dodging
 - Level 2.6 Stealth
 + Level 3.0 Spellcasting
 + Level 1.0 Transmutations
 + Level 3.8 Earth Magic


You had 7 spell levels left.
You knew the following spells:

 Your Spells              Type           Power      Damage    Failure   Level
a - Sandblast             Erth           34%        2d9       3%          1

Your spell library contained the following spells:

 Spells                   Type           Power      Damage    Failure   Level
 Passwall                 Tmut/Erth      10%        N/A       9%          2
 Animate Skeleton         Necr           4%         N/A       16%         1
 Apportation              Tloc           4%         N/A       16%         1
 Summon Small Mammal      Summ           8%         N/A       16%         1
 Stone Arrow              Conj/Erth      20%        3d8       21%         3
 Petrify                  Tmut/Erth      12%        N/A       50%         4
 Blade Hands              Tmut           3%         N/A       95%         5
 Iron Shot                Conj/Erth      5%         9d2       100%        6
 Animate Armour           Summ/Erth      Unusable   N/A       N/A         4

Dungeon Overview and Level Annotations

Branches:
Dungeon (4/15)             Temple (0/1) D:4

Altars:

Annotations:
D:2 Terence


Innate Abilities, Weirdness & Mutations

You cannot wear most types of armour.
You are amphibious.
You can wear up to eight rings at the same time.
Your skin changes colour to match your surroundings (Stealth+).
Your rubbery body absorbs attacks. (AC +1, EV +1)
((You are camouflaged when in or above water. (Stealth+)))
You have tentacles for arms and can constrict up to eight enemies at once.
You occasionally shout uncontrollably at your foes.
You expend magic power (3 MP) to strengthen your wands.


Message History

Found a chain mail.
Found a staircase to the Ecumenical Temple.
A black bear is nearby!
An adder comes into view.
The black bear growls angrily.
The adder moves out of view.
The blast of sand hits the black bear.
The black bear is moderately wounded.
A black bear is nearby!
You hit the black bear. You grab the black bear.
The black bear is moderately wounded.
You constrict the black bear, but do no damage.
The black bear bites you. The black bear claws you. x2
A black bear is nearby!
You are too injured to fight recklessly!
You are too injured to fight recklessly!
You are too injured to fight recklessly!
Casting: Sandblast (safe; 3% risk of failure)
Confirm with . or Enter, or press ? or * to list all spells.
Aiming: Sandblast (safe; 3% risk of failure)
Press: ? - help, Shift-Dir - straight line, f/p - black bear
Aim: a black bear (moderately wounded, constricted by you, 100% to hit)
The blast of sand hits the black bear.
The black bear is moderately wounded.
You constrict the black bear. The black bear bites you.
* * * LOW HITPOINT WARNING * * *
The black bear misses you. The black bear closely misses you.
Unknown command.
You release your grip on the black bear.
An adder comes into view.
Okay, then.
It was a potion of cancellation.
You feel magically purged.
The black bear closely misses you. x2; The black bear barely misses you.
It was a potion of mutation.
You feel extremely strange.
You feel the urge to shout.
You feel your magical essence link to the dungeon's wands.
The black bear bites you.
* * * LOW HITPOINT WARNING * * *
The black bear claws you.
You die...

#.# ##.##'### #. #.#
#.##.# #.# #.# #..#.# #
#.# #.# ##.#.# #. #.#
#.# #...# #..
#.####'#######..# #...
#............#..#
#....##............#..#
#...........h@.....#..#
...................#..#
...#.##..#.##.##...##.#
#.....#.........# ..
....##....#)##...#
..##. ..##.#..S ..# . .
#.. ...##. # .# ..>
##.. .. ##... .


You could see a black bear.

Vanquished Creatures
  2 adders (D:3)
  3 endoplasms
  A giant cockroach (D:3)
  2 goblins
  4 hobgoblins
  2 jackals (D:1)
  5 kobolds
  3 quokkas
  A ball python (D:4)
  4 bats
  A frilled lizard (D:1)
  2 rats
30 creatures vanquished.

Notes
Turn   | Place    | Note
-------+----------+-------------------------------------------
     0 | D:1      | Atelerd the Octopode Earth Elementalist began the quest for
                  | the Orb.
     0 | D:1      | Reached XP level 1. HP: 11/11 MP: 3/3
    10 | D:1      | Found a faded altar of an unknown god.
   371 | D:1      | Reached XP level 2. HP: 17/17 MP: 3/5
  1465 | D:2      | Noticed Terence
  1731 | D:3      | Reached XP level 3. HP: 21/21 MP: 7/7
  2715 | D:4      | Noticed a black bear
  2717 | D:4      | Found a staircase to the Ecumenical Temple.
  2729 | D:4      | Gained mutation: You occasionally shout uncontrollably at
                  | your foes. [potion of mutation]
  2729 | D:4      | Gained mutation: You expend magic power (3 MP) to
                  | strengthen your wands. [potion of mutation]
  2729 | D:4      | HP: 1/21 [black bear (5)]
  2729 | D:4      | Slain by a black bear

Illustrated notes

Levels and vault maps discovered:
D:1:      shiori_arrival_maze, layout_basic, basic_ecumenical_altar
D:2:      layout_basic, chequers_serial_rivers_room_a, grunt_decor_fettered,
          uniq_terence
D:3:      layout_basic, minivault_11
D:4:      layout_basic, minmay_temple_entry_ruins, uniq_natasha

Skill      XL: |  1  2  3 |
---------------+----------+-----
Spellcasting   | 3 |  3.0
Fighting       | |  0.1
Short Blades   | |  0.2
Dodging        | |  2.0
Stealth        | |  2.6
Transmutations | |  1.0
Earth Magic    | |  3.8

Action                   || total
-------------------------++-------
Melee: Unarmed           ||    11
       Constrict         ||    11
       Tentacles         ||     9
       Dagger            ||    34
 Cast: Sandblast         ||    32
  Use: Potion            ||     2
 Stab: Sleeping          ||     5
Armor: Skin              ||     5
Dodge: Dodged            ||    53
